AoeStats
← Olive Oil

Fortress

507992552Analyzed
3v3 RM · 13d ago on Sep 20, 2026· 52m 32s· 6 players
Game mode
Random Map
Map size
Large (8 player)
Population
200
Speed
Normal
Resources
Standard
Victory
Conquest
Starting age
Dark Age
Ending age
Imperial Age
RankedLock teamsTeams togetherTeam positionsShared explorationLock speedFull tech treeHidden civsTurbo modeCheats
Victory
Defeat
🇪🇸 Spanish · Spain
838
+15
🇮🇳 Japanese · India
833
+15
🇮🇳 Wei · India
795
+17
🇹🇷 Britons · Türkiye
887
-19
🇹🇷 Persians · Türkiye
781
-14
🇹🇷 Byzantines · Türkiye
768
-14
Timur
9:26 Feudal Age
9:49 Loom
10:35 Double-Bit Axe
10:34 Horse Collar
16:04 Castle Age
17:38 Bow Saw
17:48 Heavy Plow
21:35 Fletching
22:47 Forging
22:39 Scale Mail Armor
22:19 Pikeman
22:59 Gambesons
30:38 Imperial Age
31:33 Chain Mail Armor
31:55 Iron Casting
31:48 Kamandaran
33:23 Crossbowman
34:19 Thumb Ring
35:25 Padded Archer Armor
35:21 Bodkin Arrow
36:41 Two-Man Saw
37:05 Leather Archer Armor
36:29 Elite War Elephant
40:44 Halberdier
43:40 Ring Archer Armor
44:12 Blast Furnace
45:29 Scale Barding Armor
50:21 Chain Barding Armor
Verdigrisis
3:30 Loom
6:31 Feudal Age
12:50 Wheelbarrow
17:32 Castle Age
16:17 Padded Archer Armor
20:24 Double-Bit Axe
21:55 Forging
24:06 Bow Saw
23:41 Horse Collar
25:22 Hand Cart
26:03 Stone Mining
26:04 Gold Mining
26:34 Leather Archer Armor
30:37 Imperial Age
32:37 Chemistry
31:47 Fortified Wall
31:58 Ballistics
34:30 Gold Shaft Mining
34:31 Stone Shaft Mining
35:01 Two-Man Saw
35:13 Heavy Plow
34:56 Elite Cataphract
36:49 Elite Skirmisher
37:33 Squires
36:53 Pikeman
37:36 Husbandry
36:56 Light Cavalry
36:57 Heavy Camel Rider
38:16 Ring Archer Armor
37:37 Fletching
38:43 Crop Rotation
38:42 Sanctity
39:08 Iron Casting
41:16 Bodkin Arrow
41:22 Scale Mail Armor
41:27 Scale Barding Armor
40:46 Halberdier
45:27 Onager
Olive Oil
8:23 Feudal Age
9:39 Double-Bit Axe
15:04 Castle Age
13:07 Horse Collar
13:21 Gold Mining
15:30 Wheelbarrow
17:03 Bow Saw
19:13 Hand Cart
19:51 Fletching
21:24 Bodkin Arrow
22:17 Stone Mining
22:46 Town Watch
22:50 Loom
23:15 Scale Mail Armor
23:15 Padded Archer Armor
23:36 Heavy Plow
23:00 Pikeman
23:46 Squires
25:00 Town Patrol
26:11 Chain Mail Armor
26:36 Gold Shaft Mining
29:08 Imperial Age
28:35 Leather Archer Armor
28:32 Forging
28:10 Arson
28:52 Caravan
29:28 Elite Longbowman
30:12 Bracer
32:04 Ring Archer Armor
32:04 Plate Mail Armor
32:10 Iron Casting
32:38 Chemistry
31:58 Ballistics
31:02 Halberdier
34:18 Guilds
35:16 Siege Engineers
35:48 Yeomen
42:57 Fortified Wall
43:50 Blast Furnace
50:18 Masonry
SGTbubbles
1:18 Loom
8:34 Feudal Age
16:07 Castle Age
14:39 Double-Bit Axe
14:42 Horse Collar
16:37 Scale Barding Armor
16:42 Forging
17:27 Wheelbarrow
22:58 Husbandry
23:08 Bloodlines
25:39 Crossbowman
26:24 Thumb Ring
27:51 Padded Archer Armor
30:14 Fletching
34:50 Imperial Age
32:40 Hand Cart
32:31 Scale Mail Armor
32:54 Chain Barding Armor
33:09 Iron Casting
33:32 Leather Archer Armor
33:13 Bodkin Arrow
34:14 Bow Saw
34:11 Heavy Plow
37:37 Ring Archer Armor
37:08 Bracer
38:08 Blast Furnace
38:12 Chemistry
38:34 Ballistics
40:18 Caravan
40:03 Elite Tiger Cavalry
41:12 Parthian Tactics
48:56 Tuntian
49:23 Ming Guang Armor
Twiste∂•
9:01 Feudal Age
10:23 Horse Collar
10:54 Double-Bit Axe
13:56 Castle Age
19:20 Bow Saw
22:07 Gold Mining
22:19 Heavy Plow
24:18 Gold Shaft Mining
25:57 Wheelbarrow
25:20 Stone Mining
28:16 Hand Cart
30:39 Imperial Age
28:31 Fortified Wall
28:02 Treadmill Crane
33:42 Conscription
33:23 Man-at-Arms
33:49 Gambesons
34:04 Squires
33:50 Arson
34:51 Caravan
35:02 Long Swordsman
36:37 Two-Handed Swordsman
38:20 Town Watch
38:02 Champion
38:14 Heavy Cavalry Archer
39:20 Parthian Tactics
39:00 Thumb Ring
39:05 Town Patrol
39:47 Scale Mail Armor
39:58 Forging
40:24 Forging
40:50 Ballistics
41:30 Chemistry
40:38 Siege Engineers
40:29 Murder Holes
40:21 Arrowslits
42:13 Loom
43:58 Chain Mail Armor
44:18 Iron Casting
44:28 Iron Casting
45:56 Plate Mail Armor
46:29 Blast Furnace
47:14 Kataparuto
50:40 Elite Samurai
SGTSanju
8:04 Feudal Age
12:08 Castle Age
10:56 Double-Bit Axe
17:35 Horse Collar
18:54 Bow Saw
19:15 Gold Mining
27:46 Imperial Age
25:53 Wheelbarrow
29:26 Bloodlines
29:18 Husbandry
28:42 Cavalier
29:33 Forging
29:30 Scale Barding Armor
31:07 Paladin
32:25 Iron Casting
32:10 Chain Barding Armor
33:15 Two-Man Saw
33:38 Caravan
37:20 Blast Furnace
36:56 Plate Barding Armor
Connection lost

Rejoining the realm…

Still unreachable

The connection could not be restored.

Session expired

The server has moved on; the page needs a fresh start.